[Event "4th Tamil Nadu Circuit-IM 2023"]
[Site "Pollachi"]
[Date "2023.11.08"]
[Round "5.2"]
[White "Laddha, Yash Jayesh"]
[Black "Sekar, B."]
[Result "1-0"]
[ECO "B90"]
[WhiteElo "2171"]
[BlackElo "2333"]
[Annotator "RC"]
[PlyCount "49"]
[EventDate "2023.10.23"]
[EventType "tourn"]
[EventCountry "IND"]
[SourceTitle "playchess.com"]
[Source "ChessBase"]
[SourceQuality "1"]
[TimeControl "5400+30"]

1. e4 c5 2. Nf3 d6 3. d4 cxd4 4. Nxd4 Nf6 5. Nc3 a6 6. h3 e5 7. Nde2 h5 8. Bg5 Be6 9. Bxf6 Qxf6 10. Nd5 Qd8 11. Qd3 Nd7 12. O-O-O g6 13. Kb1 Nc5 14. Qf3 Bg7 15. Nec3 b5 16. Ne3 O-O 17. Be2 Rb8 18. h4 b4 19. Ncd5 f5 20. exf5 e4 21. Qg3 gxf5 22. Qg5 Qxg5 23. hxg5 Na4 24. Nf4 Kf7 25. Rxd6 1-0

[Event "4th Tamil Nadu Circuit-IM 2023"]
[Site "Pollachi"]
[Date "2023.11.08"]
[Round "5.3"]
[White "Shaik Sumer Arsh"]
[Black "Gochelashvili, David"]
[Result "1-0"]
[ECO "E94"]
[WhiteElo "2273"]
[BlackElo "2277"]
[Annotator "RC"]
[PlyCount "79"]
[EventDate "2023.10.23"]
[EventType "tourn"]
[EventCountry "IND"]
[SourceTitle "playchess.com"]
[Source "ChessBase"]
[SourceQuality "1"]
[TimeControl "5400+30"]

1. d4 Nf6 2. c4 g6 3. Nc3 Bg7 4. e4 d6 5. Nf3 O-O 6. Be2 e5 7. Be3 Nbd7 8. O-O c6 9. d5 Qe7 10. Qc2 Ng4 11. Bg5 f6 12. Bd2 f5 13. Ng5 Nb6 14. a4 f4 15. a5 Nxd5 16. cxd5 Qxg5 17. a6 cxd5 18. Qb3 Rf7 19. axb7 Rxb7 20. Qxd5+ Kh8 21. Nb5 Nf6 22. Qc6 Bh3 23. Bf3 Rab8 24. Nxd6 Re7 25. Qc5 Bf8 26. Qc4 Kg7 27. Nb5 Rd7 28. Bc1 Rb6 29. Nc7 Kh6 30. Ra5 Rb4 31. Qc6 Rb3 32. Ne6 Qh4 33. g3 Rxf3 34. gxh4 Rd6 35. Qa8 Be7 36. Ng5 Bxf1 37. Kxf1 Rd1+ 38. Ke2 Rfd3 39. Rxe5 Rd8 40. Nf7+ 1-0

[Event "4th Tamil Nadu Circuit-IM 2023"]
[Site "Pollachi"]
[Date "2023.11.08"]
[Round "5.4"]
[White "Nawin J J"]
[Black "Podolchenko, Evgeniy"]
[Result "0-1"]
[ECO "B12"]
[WhiteElo "2305"]
[BlackElo "2395"]
[Annotator "RC"]
[PlyCount "142"]
[EventDate "2023.10.23"]
[EventType "tourn"]
[EventCountry "IND"]
[SourceTitle "playchess.com"]
[Source "ChessBase"]
[SourceQuality "1"]
[TimeControl "5400+30"]

1. e4 c6 2. d4 d5 3. e5 Bf5 4. Nf3 e6 5. Be2 Nd7 6. O-O h6 7. Nbd2 Ne7 8. Nb3 Rc8 9. a4 Bh7 10. a5 a6 11. c3 Nf5 12. Bd2 Be7 13. c4 dxc4 14. Bxc4 O-O 15. Bc3 Qc7 16. Nbd2 Rfd8 17. Re1 Nf8 18. b4 Nh4 19. Ne4 Nxf3+ 20. Qxf3 Rb8 21. Qg3 Bf5 22. Qe3 Ng6 23. g3 Bf8 24. Nc5 Ne7 25. Rac1 Nd5 26. Qf3 Bxc5 27. dxc5 Qe7 28. Red1 Qg5 29. Be2 Rd7 30. h4 Qg6 31. h5 Qh7 32. g4 Be4 33. Qg3 Rbd8 34. Be1 g5 35. hxg6 Qxg6 36. f3 Bc2 37. Rd2 Ba4 38. Ra1 Nc3 39. Rb2 Nxe2+ 40. Rxe2 Bd1 41. Rh2 Rd3 42. Qh4 Kg7 43. Raa2 Bxf3 44. Bd2 Qxg4+ 45. Qxg4+ Bxg4 46. Bxh6+ Kg6 47. Rag2 Kf5 48. Rh4 Rg8 49. Kh2 Rg6 50. Rf2+ Rf3 51. Rxf3+ Bxf3 52. Be3 Kxe5 53. Rf4 Rf6 54. Rh4 Rf5 55. Kg3 Be4 56. Bf4+ Kd5 57. Bd6 e5 58. Rh8 Rf3+ 59. Kg4 Rf2 60. Rb8 Rg2+ 61. Kh3 Rg6 62. Rxb7 Bf5+ 63. Kh2 Be6 64. Rb6 e4 65. Rxa6 e3 66. Bf4 Ke4 67. Bxe3 Kxe3 68. Rxc6 Kf2 69. Rxe6 Rxe6 70. Kh3 Kf3 71. Kh2 Rc6 0-1

[Event "4th Tamil Nadu Circuit-IM 2023"]
[Site "Pollachi"]
[Date "2023.11.08"]
[Round "5.5"]
[White "Laddha, Shubh Jayesh"]
[Black "Nandhidhaa, P V"]
[Result "1/2-1/2"]
[ECO "C11"]
[WhiteElo "2373"]
[BlackElo "2260"]
[Annotator "RC"]
[PlyCount "85"]
[EventDate "2023.10.23"]
[EventType "tourn"]
[EventCountry "IND"]
[SourceTitle "playchess.com"]
[Source "ChessBase"]
[SourceQuality "1"]
[TimeControl "5400+30"]

1. e4 e6 2. d4 d5 3. Nc3 Nf6 4. e5 Nfd7 5. f4 c5 6. Nf3 Nc6 7. Be3 Be7 8. Qd2 a6 9. Bd3 b5 10. Qf2 b4 11. Nd1 O-O 12. O-O f6 13. c3 bxc3 14. bxc3 cxd4 15. cxd4 f5 16. h3 a5 17. g4 Ba6 18. Bxa6 Rxa6 19. Nc3 Nb6 20. Ne2 Nc4 21. Kh1 Rb6 22. Rg1 Nb4 23. Rad1 Nxa2 24. gxf5 exf5 25. Rg3 Kh8 26. Rdg1 Bh4 27. Nxh4 Qxh4 28. Qg2 g6 29. Qxd5 Nxe3 30. Rxe3 Qf2 31. Qf3 Qxf3+ 32. Rxf3 Rb2 33. Nc3 Nxc3 34. Rxc3 Rd2 35. Rc4 Rd8 36. e6 Re8 37. Re1 h6 38. h4 g5 39. hxg5 hxg5 40. fxg5 Kg7 41. Kg1 Kg6 42. Ra4 Kxg5 43. Rxa5 1/2-1/2

[Event "4th Tamil Nadu Circuit-IM 2023"]
[Site "Pollachi"]
[Date "2023.11.09"]
[Round "6.1"]
[White "Abdyzhapar, Asylbek"]
[Black "Nandhidhaa, P V"]
[Result "0-1"]
[ECO "E94"]
[WhiteElo "2326"]
[BlackElo "2272"]
[Annotator "RC"]
[PlyCount "70"]
[EventDate "2023.10.23"]
[EventType "tourn"]
[EventCountry "IND"]
[SourceTitle "playchess.com"]
[Source "ChessBase"]
[SourceQuality "1"]
[TimeControl "5400+30"]

1. d4 Nf6 2. c4 g6 3. Nc3 Bg7 4. e4 d6 5. Nf3 O-O 6. Be2 e5 7. O-O Bg4 8. d5 a5 9. Be3 Na6 10. Nd2 Bd7 11. a3 Ne8 12. Rb1 f5 13. f3 Nf6 14. b4 b6 15. c5 axb4 16. axb4 bxc5 17. Bxa6 cxb4 18. Bb7 bxc3 19. Bxa8 Qxa8 20. Ra1 Qb8 21. Ba7 Qb5 22. Nb1 Qb2 23. Na3 fxe4 24. Nc2 exf3 25. gxf3 Qb7 26. Ra5 Bh3 27. Re1 Nh5 28. Re3 Rf5 29. f4 Nxf4 30. Rxc3 Qb2 31. Re3 Bg4 32. Qxg4 Qxc2 33. h4 Qc1+ 34. Kh2 Qd2+ 35. Kg1 Qxa5 0-1

[Event "4th Tamil Nadu Circuit-IM 2023"]
[Site "Pollachi"]
[Date "2023.11.09"]
[Round "6.2"]
[White "Podolchenko, Evgeniy"]
[Black "Laddha, Shubh Jayesh"]
[Result "0-1"]
[ECO "A09"]
[WhiteElo "2395"]
[BlackElo "2373"]
[Annotator "RC"]
[PlyCount "64"]
[EventDate "2023.10.23"]
[EventType "tourn"]
[EventCountry "IND"]
[SourceTitle "playchess.com"]
[Source "ChessBase"]
[SourceQuality "1"]
[TimeControl "5400+30"]

1. Nf3 d5 2. c4 d4 3. e3 Nc6 4. b4 dxe3 5. fxe3 Nxb4 6. d4 e5 7. a3 Nc6 8. Bd3 exd4 9. exd4 Nxd4 10. O-O Nf6 11. Kh1 Be7 12. Nxd4 Qxd4 13. Qc2 Be6 14. Bb2 Qc5 15. Nc3 O-O-O 16. Ne4 Nxe4 17. Bxe4 Qxc4 18. Bxg7 Qxc2 19. Bxc2 Rhg8 20. Be5 Rd2 21. Be4 Re2 22. Rae1 Rxe1 23. Rxe1 h5 24. a4 Rd8 25. g3 Bg4 26. Rf1 Rd1 27. Rxd1 Bxd1 28. Bc3 Bxa4 29. Bf3 Bc6 30. Bxc6 bxc6 31. Kg2 Kd7 32. Kf3 f5 0-1

[Event "4th Tamil Nadu Circuit-IM 2023"]
[Site "Pollachi"]
[Date "2023.11.09"]
[Round "6.3"]
[White "Gochelashvili, David"]
[Black "Nawin J J"]
[Result "1-0"]
[ECO "B31"]
[WhiteElo "2304"]
[BlackElo "2305"]
[Annotator "RC"]
[PlyCount "71"]
[EventDate "2023.10.23"]
[EventType "tourn"]
[EventCountry "IND"]
[SourceTitle "playchess.com"]
[Source "ChessBase"]
[SourceQuality "1"]
[TimeControl "5400+30"]

1. e4 c5 2. Nf3 Nc6 3. Bb5 g6 4. O-O Bg7 5. Re1 e5 6. d3 Nge7 7. Be3 b6 8. c3 O-O 9. d4 d6 10. d5 Nb8 11. b4 a6 12. Be2 Nd7 13. a4 h6 14. Nfd2 f5 15. f3 cxb4 16. cxb4 Nf6 17. Na3 Bd7 18. b5 a5 19. Rc1 Kh7 20. Rc6 Bxc6 21. bxc6 Nfxd5 22. exd5 Nxd5 23. Ndc4 Nxe3 24. Nxe3 d5 25. Qxd5 Qe7 26. Nb5 Qb4 27. Rc1 h5 28. Qc4 Bh6 29. Nd5 Qb2 30. Rd1 e4 31. c7 Qe5 32. Qd4 Qe6 33. f4 Rae8 34. g3 g5 35. Bxh5 Rc8 36. Qxb6 1-0

[Event "4th Tamil Nadu Circuit-IM 2023"]
[Site "Pollachi"]
[Date "2023.11.09"]
[Round "6.4"]
[White "Sekar, B."]
[Black "Shaik Sumer Arsh"]
[Result "1-0"]
[ECO "C02"]
[WhiteElo "2320"]
[BlackElo "2273"]
[Annotator "RC"]
[PlyCount "103"]
[EventDate "2023.10.23"]
[EventType "tourn"]
[EventCountry "IND"]
[SourceTitle "playchess.com"]
[Source "ChessBase"]
[SourceQuality "1"]
[TimeControl "5400+30"]

1. e4 e6 2. d4 d5 3. e5 c5 4. c3 Nc6 5. Nf3 Qb6 6. a3 c4 7. Nbd2 Na5 8. Rb1 Bd7 9. h4 Ne7 10. h5 h6 11. b4 cxb3 12. Nxb3 Ba4 13. Nfd2 Rc8 14. Rh3 Nec6 15. Bd3 Nxb3 16. Nxb3 Na5 17. Bc2 Nxb3 18. Bxb3 Bxb3 19. Qxb3 Qxb3 20. Rxb3 Rc7 21. Rg3 Kd7 22. Ke2 Kc6 23. a4 b6 24. Kd3 a5 25. Bd2 Kb7 26. Rb1 Ka6 27. Rb2 Rh7 28. Rc2 Be7 29. c4 dxc4+ 30. Rxc4 Rd7 31. Rc8 Bh4 32. Rf3 f6 33. Bf4 Bg5 34. g3 f5 35. Rc6 Re7 36. d5 exd5 37. Kd4 Kb7 38. Kxd5 Bxf4 39. gxf4 Rd7+ 40. Rd6 Rc7 41. Rb3 Rc5+ 42. Ke6 Rh8 43. Rdxb6+ Ka7 44. Rb7+ Ka8 45. R7b5 Rc6+ 46. Kxf5 Rf8+ 47. Ke4 Rc4+ 48. Kd5 Rxa4 49. e6 Rf5+ 50. Kc6 Rf8 51. e7 Rf6+ 52. Kd5 1-0

[Event "4th Tamil Nadu Circuit-IM 2023"]
[Site "Pollachi"]
[Date "2023.11.09"]
[Round "6.5"]
[White "Srihari L"]
[Black "Laddha, Yash Jayesh"]
[Result "1-0"]
[ECO "C54"]
[WhiteElo "2225"]
[BlackElo "2171"]
[Annotator "RC"]
[PlyCount "81"]
[EventDate "2023.10.23"]
[EventType "tourn"]
[EventCountry "IND"]
[SourceTitle "playchess.com"]
[Source "ChessBase"]
[SourceQuality "1"]
[TimeControl "5400+30"]

1. e4 e5 2. Nf3 Nc6 3. Bc4 Nf6 4. d3 Bc5 5. c3 d6 6. O-O a5 7. Nbd2 O-O 8. h3 Be6 9. Bb5 Ba7 10. Re1 Ne7 11. Ba4 Ng6 12. Nf1 Nh5 13. d4 f6 14. Be3 Nhf4 15. Ng3 Qc8 16. Bb5 c6 17. Bf1 Bb8 18. c4 d5 19. cxd5 cxd5 20. Rc1 Qe8 21. dxe5 fxe5 22. Bc5 Rf6 23. Ng5 d4 24. Nh5 Kh8 25. Nxf6 gxf6 26. Nxe6 Nxe6 27. Qf3 Kg7 28. Qb3 Qf7 29. Ba3 Ba7 30. Bc4 Ngf4 31. Kh2 a4 32. Qb5 Kh8 33. g3 Qh5 34. Bxe6 Nxe6 35. Qxb7 Rg8 36. Rc8 Qf3 37. Rxg8+ Kxg8 38. Qa8+ Kg7 39. Qxa7+ Kg6 40. Kg1 Ng5 41. Qd7 1-0

[Event "4th Tamil Nadu Circuit-IM 2023"]
[Site "Pollachi"]
[Date "2023.11.10"]
[Round "7.1"]
[White "Laddha, Yash Jayesh"]
[Black "Abdyzhapar, Asylbek"]
[Result "0-1"]
[ECO "B90"]
[WhiteElo "2171"]
[BlackElo "2326"]
[Annotator "RC"]
[PlyCount "110"]
[EventDate "2023.10.23"]
[EventType "tourn"]
[EventCountry "IND"]
[SourceTitle "playchess.com"]
[Source "ChessBase"]
[SourceQuality "1"]
[TimeControl "5400+30"]

1. e4 c5 2. Nf3 d6 3. d4 cxd4 4. Nxd4 Nf6 5. Nc3 a6 6. h3 e5 7. Nde2 h5 8. g3 Be7 9. Bg2 b5 10. Nd5 Nxd5 11. Qxd5 Ra7 12. Be3 Be6 13. Qd2 Rb7 14. O-O Nd7 15. Nc3 Nf6 16. f4 h4 17. g4 b4 18. Nd5 Bxd5 19. exd5 exf4 20. Rxf4 a5 21. g5 Nd7 22. g6 fxg6 23. Bd4 Bf6 24. Re1+ Ne5 25. Qd3 O-O 26. Bxe5 Bxe5 27. Rxf8+ Qxf8 28. Rxe5 dxe5 29. d6 e4 30. Bxe4 Rd7 31. Qc4+ Kh8 32. Bxg6 Qd8 33. Qc5 Rxd6 34. Qh5+ Kg8 35. Qh7+ Kf8 36. Qh8+ Ke7 37. Qxg7+ Ke6 38. Bf7+ Kf5 39. Qg4+ Kf6 40. Bh5 Qb6+ 41. Kf1 Qb5+ 42. Kf2 Qc5+ 43. Kf1 Qf5+ 44. Qxf5+ Kxf5 45. Ke2 Kf4 46. c3 bxc3 47. bxc3 Kg3 48. Bg4 Rg6 49. Bd7 Rg7 50. Bf5 Rg5 51. Bd7 Re5+ 52. Kf1 Rc5 53. Be6 Rxc3 54. Ke2 Rc6 55. Bd5 Rc5 0-1

[Event "4th Tamil Nadu Circuit-IM 2023"]
[Site "Pollachi"]
[Date "2023.11.10"]
[Round "7.2"]
[White "Shaik Sumer Arsh"]
[Black "Srihari L"]
[Result "1/2-1/2"]
[ECO "E92"]
[WhiteElo "2273"]
[BlackElo "2225"]
[Annotator "RC"]
[PlyCount "64"]
[EventDate "2023.10.23"]
[EventType "tourn"]
[EventCountry "IND"]
[SourceTitle "playchess.com"]
[Source "ChessBase"]
[SourceQuality "1"]
[TimeControl "5400+30"]

1. d4 Nf6 2. c4 g6 3. Nc3 Bg7 4. e4 d6 5. Nf3 O-O 6. Be2 e5 7. Be3 exd4 8. Nxd4 Re8 9. f3 c6 10. Bf2 d5 11. exd5 cxd5 12. O-O Nc6 13. c5 Re5 14. Qd2 Qf8 15. Nxc6 bxc6 16. b4 Bd7 17. Bd3 Bh6 18. Qc2 Be3 19. Bxe3 Rxe3 20. Rae1 Qe7 21. Qd2 Re8 22. Rxe3 Qxe3+ 23. Qxe3 Rxe3 24. Rd1 Bf5 25. Bxf5 Rxc3 26. Bc8 a5 27. bxa5 Rxc5 28. a6 Ra5 29. Bb7 c5 30. Bxd5 Nxd5 31. Rxd5 Rxa2 32. Rxc5 Rxa6 1/2-1/2

[Event "4th Tamil Nadu Circuit-IM 2023"]
[Site "Pollachi"]
[Date "2023.11.10"]
[Round "7.4"]
[White "Laddha, Shubh Jayesh"]
[Black "Gochelashvili, David"]
[Result "0-1"]
[ECO "C77"]
[WhiteElo "2373"]
[BlackElo "2304"]
[Annotator "RC"]
[PlyCount "98"]
[EventDate "2023.10.23"]
[EventType "tourn"]
[EventCountry "IND"]
[SourceTitle "playchess.com"]
[Source "ChessBase"]
[SourceQuality "1"]
[TimeControl "5400+30"]

1. e4 e5 2. Nf3 Nc6 3. Bb5 a6 4. Ba4 Nf6 5. d3 d6 6. c3 g6 7. O-O Bg7 8. Re1 O-O 9. Nbd2 Kh8 10. Nf1 b5 11. Bc2 d5 12. Ng3 dxe4 13. dxe4 Qe7 14. Qe2 Na5 15. b4 Nc4 16. Nd2 Be6 17. a4 Nd7 18. Nxc4 Bxc4 19. Bd3 Nb6 20. axb5 axb5 21. Be3 Rxa1 22. Rxa1 Rd8 23. Bxc4 Nxc4 24. Bc5 Qd7 25. Qf3 Nd2 26. Qd1 h5 27. Be3 h4 28. Qxd2 Qxd2 29. Bxd2 Rxd2 30. Nf1 Rc2 31. Ra3 Bh6 32. h3 Kg7 33. Rb3 Rc1 34. g3 hxg3 35. fxg3 Bd2 36. Kf2 Bxc3 37. Ne3 Bd4 38. Kf3 c6 39. g4 Rh1 40. Kg2 Re1 41. Kf3 Rxe3+ 42. Rxe3 Bxe3 43. Kxe3 g5 44. Kd3 Kf6 45. Kc3 Ke6 46. Kb3 Kd6 47. Kc3 c5 48. Kb3 cxb4 49. Kxb4 Kc6 0-1

[Event "4th Tamil Nadu Circuit-IM 2023"]
[Site "Pollachi"]
[Date "2023.11.10"]
[Round "7.5"]
[White "Nandhidhaa, P V"]
[Black "Podolchenko, Evgeniy"]
[Result "1-0"]
[ECO "A11"]
[WhiteElo "2272"]
[BlackElo "2395"]
[Annotator "RC"]
[PlyCount "89"]
[EventDate "2023.10.23"]
[EventType "tourn"]
[EventCountry "IND"]
[SourceTitle "playchess.com"]
[Source "ChessBase"]
[SourceQuality "1"]
[TimeControl "5400+30"]

1. Nf3 Nf6 2. g3 d5 3. Bg2 c6 4. O-O Bg4 5. c4 e6 6. cxd5 exd5 7. h3 Bxf3 8. exf3 Be7 9. d3 O-O 10. f4 Ne8 11. Nd2 a5 12. Nf3 a4 13. Rb1 Nd6 14. Qc2 Nd7 15. Bd2 Re8 16. h4 Nb5 17. Rfe1 Bf6 18. Rxe8+ Qxe8 19. Re1 Qd8 20. Bh3 a3 21. b3 Nb8 22. h5 Na6 23. h6 gxh6 24. Ne5 Nac7 25. Qd1 Qf8 26. Qh5 Bg7 27. Kg2 Re8 28. Bd7 Rd8 29. Bf5 Re8 30. Ba5 Bxe5 31. fxe5 Ne6 32. Bd2 Ng7 33. Bxh7+ Kxh7 34. Qxh6+ Kg8 35. Rh1 Nh5 36. Qxh5 Qg7 37. Bf4 Re6 38. Rh4 Nc3 39. Qf5 Nxa2 40. Rg4 Rg6 41. e6 fxe6 42. Qxg6 Qxg6 43. Rxg6+ Kf7 44. Rh6 Nb4 45. Rh7+ 1-0

[Event "4th Tamil Nadu Circuit-IM 2023"]
[Site "Pollachi"]
[Date "2023.11.10"]
[Round "8.1"]
[White "Abdyzhapar, Asylbek"]
[Black "Podolchenko, Evgeniy"]
[Result "1/2-1/2"]
[ECO "C92"]
[WhiteElo "2326"]
[BlackElo "2395"]
[Annotator "RC"]
[PlyCount "31"]
[EventDate "2023.10.23"]
[EventType "tourn"]
[EventCountry "IND"]
[SourceTitle "playchess.com"]
[Source "ChessBase"]
[SourceQuality "1"]
[TimeControl "5400+30"]

1. e4 e5 2. Nf3 Nc6 3. Bb5 a6 4. Ba4 Nf6 5. O-O Be7 6. Re1 b5 7. Bb3 d6 8. c3 O-O 9. h3 Bb7 10. d4 Re8 11. Ng5 Rf8 12. Nf3 Re8 13. Ng5 Rf8 14. Nf3 Re8 15. Ng5 Rf8 16. Nf3 1/2-1/2

[Event "4th Tamil Nadu Circuit-IM 2023"]
[Site "Pollachi"]
[Date "2023.11.10"]
[Round "8.2"]
[White "Gochelashvili, David"]
[Black "Nandhidhaa, P V"]
[Result "1-0"]
[ECO "B30"]
[WhiteElo "2304"]
[BlackElo "2272"]
[Annotator "RC"]
[PlyCount "53"]
[EventDate "2023.10.23"]
[EventType "tourn"]
[EventCountry "IND"]
[SourceTitle "playchess.com"]
[Source "ChessBase"]
[SourceQuality "1"]
[TimeControl "5400+30"]

1. e4 c5 2. Nf3 Nc6 3. Nc3 e5 4. Bc4 d6 5. d3 h6 6. a3 Nf6 7. Nd2 Nd4 8. Nf1 Rb8 9. Ne3 b5 10. Ba2 Be7 11. O-O O-O 12. Ncd5 Nxd5 13. Nxd5 Bg5 14. f4 exf4 15. Bxf4 Be6 16. Qd2 Bxd5 17. Bxd5 Ne6 18. Bxg5 Qxg5 19. Qf2 a6 20. Rae1 Qe5 21. c3 Rbe8 22. Re3 Re7 23. Rf3 g6 24. Rf6 Kh8 25. Rxe6 Rxe6 26. d4 cxd4 27. cxd4 1-0

[Event "4th Tamil Nadu Circuit-IM 2023"]
[Site "Pollachi"]
[Date "2023.11.10"]
[Round "8.5"]
[White "Laddha, Yash Jayesh"]
[Black "Shaik Sumer Arsh"]
[Result "1-0"]
[ECO "D00"]
[WhiteElo "2171"]
[BlackElo "2273"]
[Annotator "RC"]
[PlyCount "81"]
[EventDate "2023.10.23"]
[EventType "tourn"]
[EventCountry "IND"]
[SourceTitle "playchess.com"]
[Source "ChessBase"]
[SourceQuality "1"]
[TimeControl "5400+30"]

1. d4 Nf6 2. Nc3 d5 3. Bf4 c5 4. e4 Nxe4 5. Nxe4 dxe4 6. dxc5 Qa5+ 7. c3 Qxc5 8. Qa4+ Bd7 9. Qxe4 Bc6 10. Qe3 Nd7 11. Nf3 Qxe3+ 12. Bxe3 e5 13. Bc4 f6 14. O-O-O Bc5 15. Bxc5 Nxc5 16. Rhe1 Ne4 17. Bd5 Nxf2 18. Nxe5 O-O-O 19. Nxc6 bxc6 20. Be6+ Kc7 21. Rxd8 Rxd8 22. Bf5 Nd3+ 23. Bxd3 Rxd3 24. Re7+ Rd7 25. Rxd7+ Kxd7 26. b4 h5 27. Kd2 Kd6 28. Kd3 g5 29. a4 f5 30. g3 Ke5 31. c4 f4 32. gxf4+ Kxf4 33. b5 Ke5 34. bxc6 Kd6 35. Ke4 Kxc6 36. Kf5 a5 37. Kxg5 Kc5 38. Kxh5 Kxc4 39. Kg4 Kb4 40. h4 Kxa4 41. h5 1-0

[Event "4th Tamil Nadu Circuit-IM 2023"]
[Site "Pollachi"]
[Date "2023.11.11"]
[Round "9.1"]
[White "Shaik Sumer Arsh"]
[Black "Abdyzhapar, Asylbek"]
[Result "1/2-1/2"]
[ECO "E97"]
[WhiteElo "2273"]
[BlackElo "2326"]
[Annotator "RC"]
[PlyCount "107"]
[EventDate "2023.10.23"]
[EventType "tourn"]
[EventCountry "IND"]
[SourceTitle "playchess.com"]
[Source "ChessBase"]
[SourceQuality "1"]
[TimeControl "5400+30"]

1. d4 Nf6 2. c4 d6 3. Nf3 g6 4. Nc3 Bg7 5. e4 O-O 6. Be2 e5 7. Be3 Ng4 8. Bg5 f6 9. Bh4 g5 10. Bg3 Nh6 11. O-O Nc6 12. dxe5 fxe5 13. Qd2 Nf7 14. Nd5 h6 15. b4 Nd4 16. Nxd4 exd4 17. b5 c6 18. bxc6 bxc6 19. Nb4 Bd7 20. Nd3 c5 21. f4 Bc6 22. Bf3 Qd7 23. Rae1 Rae8 24. h3 gxf4 25. Bxf4 Qd8 26. Qf2 Ng5 27. Qg3 Re6 28. Bg4 Rxe4 29. Bxg5 Rxf1+ 30. Rxf1 hxg5 31. Bf5 Re2 32. Rf2 Rxf2 33. Nxf2 Qe7 34. Ng4 a5 35. a3 a4 36. Bc2 Qe6 37. Qd3 Kf8 38. Qf1+ Ke7 39. Bf5 Qf7 40. Qe2+ Kd8 41. Qd3 Kc7 42. Be4 Qe8 43. Bxc6 Qe1+ 44. Kh2 Be5+ 45. g3 Kxc6 46. Qf3+ Kb6 47. Nxe5 Qxe5 48. Qa8 Kc7 49. Qa5+ Kb8 50. Qd8+ Kb7 51. Qd7+ Kb6 52. Qd8+ Kc6 53. Qc8+ Kb6 54. Qd8+ 1/2-1/2

[Event "4th Tamil Nadu Circuit-IM 2023"]
[Site "Pollachi"]
[Date "2023.11.11"]
[Round "9.3"]
[White "Laddha, Shubh Jayesh"]
[Black "Srihari L"]
[Result "1/2-1/2"]
[ECO "B81"]
[WhiteElo "2373"]
[BlackElo "2225"]
[Annotator "RC"]
[PlyCount "96"]
[EventDate "2023.10.23"]
[EventType "tourn"]
[EventCountry "IND"]
[SourceTitle "playchess.com"]
[Source "ChessBase"]
[SourceQuality "1"]
[TimeControl "5400+30"]

1. e4 c5 2. Nf3 d6 3. d4 cxd4 4. Nxd4 Nf6 5. Nc3 a6 6. h3 e6 7. g4 Be7 8. g5 Nfd7 9. Bg2 Qc7 10. h4 Nc6 11. f4 b5 12. Nxc6 Qxc6 13. Qd4 O-O 14. h5 Qc5 15. Qd3 b4 16. Ne2 Bb7 17. g6 Bf6 18. Be3 Qa5 19. Qb3 Nc5 20. Bxc5 Qxc5 21. O-O-O a5 22. Qg3 fxg6 23. hxg6 h6 24. Qg4 Qc4 25. b3 Qc8 26. Rxd6 a4 27. Qxe6+ Qxe6 28. Rxe6 axb3 29. cxb3 Rxa2 30. Kd1 Ba6 31. Rxa6 Rxa6 32. e5 Rd8+ 33. Ke1 Be7 34. Kf2 Bc5+ 35. Kg3 Rxg6+ 36. Kh2 Rd2 37. Bf3 Be3 38. Kh3 Rxe2 39. Bxe2 Bxf4 40. Bc4+ Kh8 41. e6 Rg3+ 42. Kh4 Rg5 43. Rd1 Re5 44. Rd8+ Kh7 45. Bd3+ g6 46. Rd7+ Kh8 47. Bxg6 Rxe6 48. Bd3 Bg5+ 1/2-1/2

[Event "4th Tamil Nadu Circuit-IM 2023"]
[Site "Pollachi"]
[Date "2023.11.11"]
[Round "9.5"]
[White "Podolchenko, Evgeniy"]
[Black "Gochelashvili, David"]
[Result "1-0"]
[ECO "A48"]
[WhiteElo "2395"]
[BlackElo "2304"]
[Annotator "RC"]
[PlyCount "83"]
[EventDate "2023.10.23"]
[EventType "tourn"]
[EventCountry "IND"]
[SourceTitle "playchess.com"]
[Source "ChessBase"]
[SourceQuality "1"]
[TimeControl "5400+30"]

1. d4 Nf6 2. Nf3 g6 3. Bf4 d6 4. h3 Bg7 5. e3 O-O 6. Be2 Nc6 7. O-O Nd7 8. Bh2 e5 9. Nc3 Re8 10. dxe5 Ncxe5 11. Nd4 Nb6 12. a4 a5 13. e4 Nc6 14. Ndb5 Nb4 15. Qd2 Bd7 16. Rfe1 Be5 17. f4 Bg7 18. Bf1 f5 19. exf5 Rxe1 20. Rxe1 Bxf5 21. Ne4 Bxe4 22. Rxe4 d5 23. Re6 Nc4 24. Bxc4 dxc4 25. Qe2 Qd5 26. f5 Rf8 27. Bxc7 Rxf5 28. Re8+ Bf8 29. Bxa5 Qc5+ 30. Kh1 Nd5 31. Re4 Rf2 32. Qxc4 Rxc2 33. Qb3 Kg7 34. Be1 Nf6 35. Nd4 Qc8 36. Rf4 Rc1 37. Rf1 Be7 38. Qe3 Kf7 39. Nf3 Rc5 40. Ng5+ Ke8 41. Rxf6 Rd5 42. Re6 1-0